 Dungeon Crawl Stone Soup version 0.29.1-1-gd02db6906a (webtiles) character file.

Game seed: 15121942410053896831

54 Demigod47 the Covered (level 3, 33/33 HPs)
             Began as a Minotaur Fighter on Oct 17, 2022.
             Was a Follower of Wu Jian.
             Quit the game on level 2 of the Dungeon.
             The game lasted 00:03:13 (1437 turns).

Demigod47 the Covered (Minotaur Fighter)            Turns: 1437, Time: 00:03:14

Health: 33/33      AC:  8    Str: 22    XL:     3   Next: 66%
Magic:  2/2        EV:  9    Int:  5    God:    Wu Jian [*.....]
Gold:   63         SH:  9    Dex:  9    Spells: 2/2 levels left

rFire   . . .      SeeInvis .   a - +0 flail
rCold   . . .      Faith    .   c - +0 buckler
rNeg    . . .      Spirit   .   b - +0 scale mail
rPois   .          Reflect  +   (helmet restricted)
rElec   .          Harm     .   (no cloak)
rCorr   .          Rampage  .   g - +0 pair of gloves
Will    .....                   (no boots)
Stlth   ..........              f - amulet of reflection
HPRegen 0.11/turn               (no ring)
MPRegen 0.08/turn               (no ring)

@: no status effects
A: horns 2, retaliatory headbutt
a: Renounce Religion


You were on level 2 of the Dungeon.
You worshipped Wu Jian.
Wu Jian was aware of your devotion.
You visited 1 branch of the dungeon, and saw 2 of its levels.

You collected 63 gold pieces.

Inventory:

Hand Weapons
 a - a +0 flail (weapon)
Armour
 b - a +0 scale mail (worn)
 c - a +0 buckler (worn)
 g - a +0 pair of gloves (worn)
Jewellery
 f - an amulet of reflection (around neck)
Scrolls
 e - a scroll of amnesia {unknown}
 h - a scroll of identify {unknown}
 i - a scroll of vulnerability {unknown}
Potions
 d - 2 potions of might


   Skills:
 + Level 3.9 Fighting
 * Level 3.9 Maces & Flails
 + Level 4.2 Armour
 + Level 4.0 Shields


You had 2 spell levels left.
You didn't know any spells.
Your spell library contained the following spells:

 Spells                   Type           Power      Damage    Failure   Level
 Blink                    Tloc           0%         N/A       95%         2
 Lesser Beckoning         Tloc           0%         N/A       99%         3
 Manifold Assault         Tloc           0%         N/A       100%        5


Dungeon Overview and Level Annotations

Branches:
Dungeon (2/15)

Altars:
Wu Jian


Innate Abilities, Weirdness & Mutations

You have a pair of horns on your head.
You reflexively headbutt those who attack you in melee.


Message History

The kobold hits you but does no damage.
A kobold is nearby!
A kobold is nearby!
A kobold is nearby!
You barely miss the kobold. You block the kobold's attack.
You closely miss the kobold. The kobold hits you but does no damage.
You block the kobold's attack.
You hit the kobold.
You kill the kobold!
The Council accepts your kill.
You see here a +0 whip.
You see here a +0 whip.
Found a stone staircase leading down.
There is a stone staircase leading down here.
A worm comes into view.
A worm is nearby!
You lunge at the worm.
You barely miss the worm. The worm bites you.
You sock the worm!
The worm is severely wounded.
The worm bites you but does no damage.
You sock the worm!
You kill the worm!
The Council accepts your kill.
You see here a worm corpse.
Found a stone staircase leading up.
There is a stone staircase leading down here.
As you open the door, it creaks loudly!
You hear an angry hiss.
There is an open door here.
A ball python and an endoplasm come into view.
The endoplasm quivers.
An endoplasm comes into view.
There are monsters nearby!
There are monsters nearby!
Unknown command.
Are you sure you want to abandon this character and quit the game? (Confirm with "yes".)
Okay, then.
Unknown command.
Unknown command.
Okay, then.
Are you sure you want to abandon this character and quit the game? (Confirm with "yes".)

##### ....## ####..###
###..#....#######
###.#....#........#
###.#..#.#.#.######.#
###.#..#.#'#....# ..#.#
###.#..#.###@###..#
#.#.# #.#..#.###...#
#..# #.#.#
#+#.#..#.###.S.#####..#
#.#.# #......###.J.##
#..>.###.#.#
##.#..#.##.J
#.#..#.....####
##.#..#.##
#.<..#.#......#
##.#..#.## #....#
######.# ##.#..#.##
#....# #.# ##.#..#.##
#....# #.#


You could see 2 endoplasms and a ball python.

Vanquished Creatures
  2 adders (D:2)
  2 worms (D:2)
  A dart slug (D:2)
  4 bats (D:1)
  3 endoplasms (D:1)
  A giant cockroach (D:1)
  A goblin (D:1)
  2 hobgoblins
  3 kobolds
  A quokka (D:1)
  4 ball pythons
  3 frilled lizards
27 creatures vanquished.

Notes
Turn   | Place    | Note
-------+----------+-------------------------------------------
     0 | D:1      | Demigod47 the Minotaur Fighter began the quest for the Orb.
     0 | D:1      | Reached XP level 1. HP: 19/19 MP: 0/0
   330 | D:1      | Reached XP level 2. HP: 27/27 MP: 1/1
   720 | D:1      | Found a faded altar of an unknown god.
   726 | D:1      | Prayed at the altar of an unknown god.
   726 | D:1      | Became a worshipper of the Wu Jian Council
   726 | D:1      | Reached * piety under Wu Jian
   919 | D:2      | Reached XP level 3. HP: 21/33 MP: 2/2
  1437 | D:2      | Quit the game

Illustrated notes

Levels and vault maps discovered:
D:1:      psy_arrival_whirlpool, layout_loops_cross,
          hellmonk_ecumenical_altar_leap_of_faith
D:2:      minmay_razor_zed, layout_basic, minivault_25, minmay_liquid_box,
          chequers_serial_rivers_micro_e

Skill      XL: |  1  2  3 |
---------------+----------+-----
Armour         | 4 |  4.2
Maces & Flails | 3 |  3.9
Shields        | 4 |  4.0
Fighting       | |  3.9

Action                   || total
-------------------------++-------
Melee: Flail             ||    60
       Headbutt          ||     6
Invok: Whirlwind         ||     8
       Lunge             ||     4
Armor: Scale mail        ||    25
Dodge: Dodged            ||    18
Block: Buckler           ||    29
       Reflection        ||     1
